 Dungeon Crawl Stone Soup version 0.26.0-10-g1f06aea511 (webtiles) character file.

Game seed: 18085984175467092659

730 MajorAdolf the Covert (level 7, -7/57 HPs)
             Began as a Naga Wanderer on Jan 16, 2021.
             Was an Initiate of Gozag.
             Shot with an arrow by a centaur (9 damage)
             ... on level 5 of the Dungeon.
             The game lasted 00:09:56 (6554 turns).

MajorAdolf the Covert (Naga Wanderer)               Turns: 6554, Time: 00:09:57

Health: -7/57      AC:  6    Str: 12    XL:     7   Next: 73%
Magic:  7/7        EV:  9    Int: 16    God:    Gozag
Gold:   295        SH:  0    Dex: 11    Spells: 6/6 levels left

rFire    . . .     SeeInvis +   a - +3 dagger
rCold    + . .     Faith    .   (no shield)
rNeg     . . .     Spirit   .   e - +0 robe
rPois    +         Reflect  .   o - +0 helmet
rElec    .         Harm     .   u - +0 cloak
rCorr    .         Rampage  .   m - +0 pair of gloves
Will     .....                  (no barding)
Stlth    ++++......             (no amulet)
HPRegen  0.19/turn              l - ring of ice
MPRegen  0.10/turn              n - ring of protection from fire

@: very slow
A: large, see invisible, deformed body, poison resistance, slowness 2, spit
poison 1, AC +2
a: Spit Poison, Renounce Religion, Potion Petition, Call Merchant, Bribe Branch


You were on level 5 of the Dungeon.
You worshipped Gozag.
Gozag was aware of your devotion.
You visited 2 branches of the dungeon, and saw 6 of its levels.

You collected 381 gold pieces.
You paid 86 gold pieces to Gozag.

Inventory:

Hand Weapons
 a - a +3 dagger (weapon)
Armour
 e - a +0 robe (worn)
 m - a +0 pair of gloves (worn)
 o - a +0 helmet (worn)
 u - a +0 cloak (worn)
Jewellery
 f - the amulet of the Air {Inacc +Fly rElec EV+5 RMsl}
   (You found it on level 4 of the Dungeon)

   [amulet of inaccuracy]

   It reduces the accuracy of all your attacks.
   It affects your evasion (+5).
   It insulates you from electricity.
   It lets you fly.
   It protects you from missiles.
 l - a ring of ice (left hand)
 n - a ring of protection from fire (right hand)
 r - an uncursed amulet of magic regeneration
 s - an uncursed ring of protection from fire
Wands
 p - a wand of iceblast (6)
Scrolls
 b - 2 scrolls of blinking
 g - a scroll of random uselessness {unknown}
 q - 2 scrolls of remove curse
Potions
 c - 5 potions of curing
 h - a potion of degeneration {unknown}
 i - a potion of attraction {unknown}
 j - a potion of ambrosia
 k - a potion of might
 t - a potion of heal wounds {unknown}


   Skills:
 - Level 1.0 Fighting
 + Level 5.9(6.2) Short Blades
 - Level 3.0(4.8) Long Blades
 - Level 1.0 Dodging
 + Level 11.0 Stealth
 + Level 1.0 Evocations


You had 6 spell levels left.
You didn't know any spells.
Your spell library contained the following spells:

 Spells                   Type           Power        Failure   Level
 Animate Skeleton         Necr           0%           26%         1
 Pain                     Necr           0%           26%         1
 Vampiric Draining        Necr           0%           58%         3
 Animate Dead             Necr           0%           94%         4
 Agony                    Necr           0%           100%        5


Dungeon Overview and Level Annotations

Branches:
Dungeon (5/15)             Temple (1/1) D:4

Altars:
Ashenzari
Cheibriados
Dithmenos
Elyvilon
Fedhas
Gozag
Hepliaklqana
Kikubaaqudgha
Makhleb
Nemelex Xobeh
Okawaru
Sif Muna
Trog
Uskayaw
Vehumet
Wu Jian
Xom
Yredelemnul
The Shining One

Annotations:
D:5 Edmund, Prince Ribbit


Innate Abilities, Weirdness & Mutations

You cannot wear boots.
Your serpentine skin is tough. (AC +2)
You have supernaturally acute eyesight. (SInv)
Armour fits poorly on your strangely shaped body.
Your system is resistant to poisons. (rPois)
You cover ground very slowly.
You can spit poison.


Message History

As you read the scroll of teleportation, it crumbles to dust.
You feel strangely unstable.
A worm comes into view.
The hound closely misses you.
Your surroundings suddenly seem different.
Found a knobbly jade ring and a robe.
A scorpion and a centaur come into view.
The centaur shouts!
The centaur wields a +0 shortbow.
The centaur shoots an arrow.
The arrow closely misses you.
The centaur shoots an arrow.
The arrow barely misses you.
Okay, then.
Okay, then.
Okay, then.
Okay, then.
The centaur shoots an arrow.
The arrow hits you!
* * * LOW HITPOINT WARNING * * *
The centaur shoots an arrow.
The arrow hits you!
You die...
Your body crumbles into a pile of gold.

..... #.#.# .
..#.# ...
##.#.##. ..
.....? ...
#..[##....
#s.......
###.##@.=#.#
...c......(.#
####.###..#.# #.
.# # # #.......#$
. ..#.
#..#......#.#.#.#
$
+................
$
#.......#.##....#
..........#.....
####..#.#.....#.#


You could see a centaur and a scorpion.

Vanquished Creatures
  Eustachio (D:4)
  Menkaure (D:4)
  A phantom (D:4)
  A howler monkey (Temple)
  An orc priest (D:4)
  A bullfrog skeleton (D:4)
  An orc wizard (D:4)
  Ijyb (D:4)
  3 iguanas
  A worker ant (D:4)
  7 adders
  2 worms (D:2)
  2 dart slugs
  A leopard gecko (D:1)
  4 orcs (D:4)
  5 giant cockroaches
  5 goblins
  5 hobgoblins
  5 jackals
  3 quokkas
  A ball python (D:3)
  4 bats
  2 frilled lizards
  5 kobolds
  5 rats
68 creatures vanquished.

Vanquished Creatures (others)
  6 fungi (D:4)
6 creatures vanquished.

Grand Total: 74 creatures vanquished

Notes
Turn   | Place    | Note
-------+----------+-------------------------------------------
     0 | D:1      | MajorAdolf the Naga Wanderer began the quest for the Orb.
     0 | D:1      | MajorAdolf set off with the following items: a +2 dagger, a
                  | scroll of blinking, a potion of curing, a scroll of
                  | teleportation, a +0 robe
     0 | D:1      | Reached XP level 1. HP: 18/18 MP: 1/1
    52 | D:1      | Reached skill level 1 in Short Blades
   109 | D:1      | Reached XP level 2. HP: 13/25 MP: 2/2
  1019 | D:2      | Reached XP level 3. HP: 24/31 MP: 3/3
  1702 | D:2      | Reached XP level 4. HP: 30/38 MP: 4/4
  1974 | D:2      | Reached skill level 8 in Stealth
  3055 | D:3      | Found a shimmering blue altar of Sif Muna.
  3055 | D:3      | Found a hide-covered altar of Uskayaw.
  3056 | D:3      | Found a hazy altar of Hepliaklqana.
  3152 | D:3      | Reached XP level 5. HP: 24/44 MP: 5/5
  3579 | D:4      | Found a staircase to the Ecumenical Temple.
  3584 | Temple   | Entered the Ecumenical Temple
  3798 | Temple   | Became a worshipper of Gozag Ym Sagoz the Greedy
  3924 | Temple   | Reached skill level 9 in Stealth
  4007 | D:4      | Reached XP level 6. HP: 33/51 MP: 6/6
  4023 | D:4      | Noticed Menkaure
  4413 | D:4      | Killed Menkaure
  4570 | D:4      | Found the amulet of the Air {Inacc +Fly rElec EV+5 RMsl}
  4612 | D:4      | Noticed Eustachio
  5034 | D:4      | Killed Eustachio
  5035 | D:4      | Reached skill level 5 in Short Blades
  5035 | D:4      | Reached skill level 10 in Stealth
  5035 | D:4      | Reached XP level 7. HP: 30/57 MP: 7/7
  5622 | D:4      | Noticed Ijyb
  5663 | D:4      | Killed Ijyb
  6079 | D:4      | Reached skill level 11 in Stealth
  6079 | D:4      | Reached skill level 1 in Evocations
  6412 | D:4      | Found a shimmering altar of Xom.
  6537 | D:5      | Entered Level 5 of the Dungeon
  6537 | D:5      | Noticed Prince Ribbit
  6548 | D:5      | Noticed Edmund
  6554 | D:5      | HP: 2/57 [centaur/arrow (8)]
  6554 | D:5      | Shot with an arrow by a centaur

Illustrated notes

Levels and vault maps discovered:
D:1:      erik_arrival_blinker_ship, layout_rooms
D:2:      layout_loops_cross
D:3:      layout_rooms, gammafunk_temple_overflow_claw
D:4:      layout_basic, lemuel_coloured_pillars_altar,
          minmay_temple_entry_proselytizer, serial_aquarium,
          aquarium_bridge_straight [aquarium_subvault_bridge,
          aquarium_subvault_window, aquarium_subvault_bridge,
          aquarium_subvault_window], aquarium_window_1, aquarium_window_1,
          aquarium_view_2e, aquarium_view_2d, grunt_decor_cap,
          chequers_serial_rivers_micro_d, uniq_ijyb, uniq_eustachio,
          uniq_menkaure
D:5:      minmay_chambers_of_fours, layout_basic, zin_statuary,
          nicolae_ru_great_annihilating_truth, nicolae_qazlal_style_of_elements,
          hangedman_decor_riveting, uniq_prince_ribbit1, uniq_edmund
Temple:   regret_index_temple_generic_petals

Skill      XL: |  1  2  3  4  5  6  7 |
---------------+----------------------+-----
Short Blades   | 1 2 3 4 5 |  5.9
Stealth        | 8 9 10 11 | 11.0
Evocations     | 1 |  1.0
Fighting       | |  1.0
Long Blades    | |  3.0
Dodging        | |  1.0

Action                   |  1- 3 |  4- 6 |  7- 9 || total
-------------------------+-------+-------+-------++-------
Melee: Dagger            |    88 |   119 |    72 ||   279
 Abil: Spit Poison       |    14 |    23 |    17 ||    54
Evoke: Wand              |       |       |     5 ||     5
  Use: Potion            |     1 |     1 |       ||     2
       Scroll            |       |    11 |     2 ||    13
 Stab: Sleeping          |     2 |     8 |       ||    10
       Distracted        |       |     1 |       ||     1
Armor: Robe              |    19 |    18 |    16 ||    53
       Skin              |       |     5 |       ||     5
Dodge: Dodged            |    49 |    49 |    29 ||   127
